 Dungeon Crawl Stone Soup version 0.19.4-8-ga85b6b9 (console) character file.

55 Grinner the Magician (level 3, 0/17 HPs)
             Began as a Spriggan Transmuter on Feb 13, 2017.
             Succumbed to an adder's poison
             ... on level 2 of the Dungeon.
             The game lasted 00:04:24 (2415 turns).

Grinner the Magician (Spriggan Transmuter)          Turns: 2415, Time: 00:04:25

Health: 0/17       AC:  2    Str: 11    XL:     3   Next: 67%
Magic:  8/8        EV: 18    Int: 14    God:
Gold:   92         SH:  0    Dex: 17    Spells: 1 memorised, 7 levels left

rFire  . . .     SeeInvis +     a - +1 dagger
rCold  . . .     Gourm    .     b - +0 robe
rNeg   . . .     Faith    .     (shield restricted)
rPois  .         Spirit   .     (helmet restricted)
rElec  .         Reflect  .     (no cloak)
rCorr  .         Harm     .     (gloves unavailable)
MR     .....                    (boots unavailable)
Stlth  ++........               (no amulet)
                                (no ring)
                                (no ring)

@: mighty, lethally poisoned (0 -> -4), very slightly contaminated, very quick
A: unfitting armour, see invisible, herbivore 3, speed 3, slow metabolism 2
a: no special abilities


You were on level 2 of the Dungeon.
You were not hungry.

You visited 1 branch of the dungeon, and saw 2 of its levels.

You collected 92 gold pieces.

Inventory:

Hand Weapons
 a - a +1 dagger (weapon)
Missiles
 f - 20 arrows
Armour
 b - a +0 robe (worn)
Scrolls
 e - 2 scrolls of remove curse {unknown}
 g - 3 scrolls of identify
 j - 2 scrolls of enchant armour
Books
 c - a book of Changes

   Spells                             Type                      Level
   a - Beastly Appendage              Transmutation                1
   b - Sticks to Snakes               Transmutation                2
   c - Spider Form                    Transmutation/Poison         3
   d - Ice Form                       Ice/Transmutation            4
   e - Blade Hands                    Transmutation                5
Comestibles
 d - 3 bread rations


   Skills:
 - Level 0.7 Fighting
 * Level 2.4 Short Blades
 - Level 3.0 Dodging
 + Level 2.9 Stealth
 - Level 2.4 Unarmed Combat
 + Level 3.3 Spellcasting
 - Level 2.6 Transmutations


You had 7 spell levels left.
You knew the following spells:

 Your Spells              Type           Power        Failure   Level  Hunger
z - Beastly Appendage     Tmut           #.....       10%         1    #......


Dungeon Overview and Level Annotations

Branches:
Dungeon (2/15)

Altars:


Innate Abilities, Weirdness & Mutations

You are very small and have problems with some larger weapons.
You are too small for most types of armour.
You have supernaturally acute eyesight. (SInv)
You are a herbivore.
You cover ground extremely quickly.
You need consume almost no food.


Message History

Okay, then.
As you read the scroll labeled NASECZ OXUIM, it crumbles to dust.
It was a scroll of blinking.
There is a lethal amount of poison in your body!
There is a lethal amount of poison in your body!
There is a lethal amount of poison in your body!
There is a lethal amount of poison in your body!
* * * LOW HITPOINT WARNING * * *
You feel sick.
A goblin comes into view. It is wielding a club.
* * * LOW HITPOINT WARNING * * *
You feel sick.
A hobgoblin comes into view. It is wielding a club.
You aren't carrying any items that you can evoke.
You aren't carrying any potions.
Unknown command.
The helpless goblin fails to defend itself.
You impale the goblin!!
You kill the goblin!
You die...

####...<#####.##.#
#..(.......
##.#..###.###.#
#.#########
#.#.#.#.####.####.##
#
#.#...<(.........#.#
#
#............####.##
# ###........### ###
# ####.###.# # #.#
#.# ... #@# # .#.#
#g# # #.### #.# #
#.# ## #.# ########.
#.# #...%.... #.#
##.####### #.#
##.#.##....
##.###.#.###


You could see a hobgoblin (sleeping).

Vanquished Creatures
  2 adders (D:2)
  2 dart slugs
  A leopard gecko (D:2)
  A ball python (D:1)
  6 goblins
  3 hobgoblins
  3 jackals (D:1)
  6 kobolds
  A quokka (D:2)
  A bat (D:2)
  A frilled lizard (D:1)
  3 rats
30 creatures vanquished.

Notes
Turn   | Place    | Note
-------+----------+-------------------------------------------
     0 | D:1      | Grinner the Spriggan Transmuter began the quest for the Orb.
     0 | D:1      | Reached XP level 1. HP: 9/9 MP: 5/5
    71 | D:1      | Reached skill level 1 in Stealth
   161 | D:1      | Reached XP level 2. HP: 6/14 MP: 6/6
   383 | D:1      | Reached skill level 1 in Short Blades
  1563 | D:2      | Reached XP level 3. HP: 15/17 MP: 6/8
  2415 | D:2      | Succumbed to an adder's poison

Skill      XL: |  1  2  3 |
---------------+----------+-----
Stealth        | 1 2 |  2.9
Short Blades   | 1 2 |  2.4
Spellcasting   | 3 |  3.3
Fighting       | |  0.7
Dodging        | |  3.0
Unarmed Combat | |  2.4
Transmutations | |  2.6

Action                   || total
-------------------------++-------
Melee: Dagger            ||   177
       Unarmed           ||     4
       Headbutt          ||     4
       Kick              ||    22
       Punch             ||     2
 Cast: Beastly Appendage ||    19
  Use: Potion            ||     3
       Scroll            ||     3
 Stab: Sleeping          ||     2
Armor: Robe              ||    12
Dodge: Dodged            ||   130
